 Dungeon Crawl Stone Soup version 0.30-b1-2-g02819fbbbe (webtiles) character file.

Game seed: 2900118515023098757

96735 Arzdou the Impaler (level 15, -1/126 HPs)
             Began as a Grey Draconian Ice Elementalist on May 9, 2023.
             Was a High Priest of Vehumet.
             Slain by a ghost moth (9 damage)
             ... on level 1 of the Spider Nest on May 10, 2023.
             The game lasted 01:10:22 (28601 turns).

Arzdou the Impaler (DrIE)                          Turns: 28601, Time: 01:10:23

Health: -1/126     AC: 21    Str:  3 (10) XL:     15   Next: 70%
Magic:  1/25       EV: 16    Int: 30 (31) God:    Vehumet [*****.]
Gold:   2159       SH:  0    Dex: 18 (19) Spells: 6/27 levels left

rFire   . . .        X - +4 trident "Newtbane" {venom, Drain Int+2 Dex+7}
rCold   + . .        (no shield)
rNeg    . . .        (body armour unavailable)
rPois   .            U - +2 hat
rElec   .            V - +0 cloak
rCorr   .            h - +1 pair of gloves
SInv    .            p - +1 pair of boots {rampage}
Will    ++...        E - amulet of magic regeneration
Stlth   ++           F - ring of willpower
HPRegen 0.41/turn    Y - ring of Midsummer {rC+ Int+6}
MPRegen 0.59/turn

%: rampage
@: invisible
A: AC +14, amphibious, unfitting armour, cold-blooded
a: Renounce Religion


You were on level 1 of the Spider Nest.
You worshipped Vehumet.
Vehumet was extremely pleased with you.
You visited 5 branches of the dungeon, and saw 24 of its levels.

You collected 3293 gold pieces.
You spent 1134 gold pieces at shops.

Inventory:

Hand Weapons
 z - a +0 shortbow
 L - a +6 spear of freezing
 X - the +4 trident "Newtbane" (weapon) {venom, Drain Int+2 Dex+7}
   (You found it on level 5 of the Lair of Beasts)

   Int:       It affects your intelligence (+2).
   Dex:       It affects your dexterity (+7).
   Drain:     It drains your maximum health when unequipped.
Missiles
 w - 5 throwing nets
Armour
 h - a +1 pair of gloves (worn)
 p - a +1 pair of boots of rampaging (worn)
 U - a +2 hat (worn)
 V - a +0 cloak (worn)
Jewellery
 E - an amulet of magic regeneration (around neck)
 F - a ring of willpower (left hand)
 J - a ring of protection from fire
 K - a ring of willpower
 N - the amulet of Ithuopp {RegenMP -Tele rElec Will+}
   (You found it on level 12 of the Dungeon)

   [amulet of magic regeneration]

   It increases your rate of magic regeneration.
   rElec:     It insulates you from electricity.
   -Tele:     It prevents most forms of teleportation.
   Will:      It increases your willpower.
 Q - a ring of magical power
 R - the ring of Yblutseu {rCorr SInv}
   (You found it on level 12 of the Dungeon)

   [ring of see invisible]

   SInv:      It lets you see invisible.
   rCorr:     It protects you from acid and corrosion.
 Y - the ring of Midsummer (right hand) {rC+ Int+6}
   (You bought it in a shop on level 1 of the Orcish Mines)

   [ring of intelligence]

   Int:       It affects your intelligence (+6).
   rC:        It protects you from cold.
Wands
 l - a wand of charming (10)
 v - a wand of roots (36)
 x - a wand of acid (6)
 B - a wand of polymorph (11)
 S - a wand of flame (8)
 W - a wand of mindburst (8)
Scrolls
 c - 5 scrolls of identify
 d - 5 scrolls of vulnerability
 i - 10 scrolls of teleportation
 j - 7 scrolls of poison
 k - 2 scrolls of magic mapping
 n - 4 scrolls of fear
 r - 2 scrolls of amnesia
 t - 2 scrolls of summoning
 y - 2 scrolls of silence
 C - 2 scrolls of immolation
 D - 4 scrolls of fog
 O - 5 scrolls of enchant armour
 P - 2 scrolls of blinking
 Z - a scroll of enchant weapon
Potions
 a - 4 potions of magic
 b - 7 potions of brilliance
 e - 2 potions of invisibility
 f - 6 potions of flight
 g - 2 potions of ambrosia
 m - 2 potions of haste
 o - 4 potions of mutation
 q - 5 potions of might
 s - 4 potions of lignification
 A - 6 potions of attraction
 G - 9 potions of curing
 H - 3 potions of berserk rage
 I - 3 potions of cancellation
 T - 2 potions of resistance
Miscellaneous
 u - a phantom mirror


   Skills:
 - Level 10.0 Fighting
 - Level 15.0 Polearms
 - Level 7.0 Dodging
 - Level 1.9 Stealth
 + Level 6.6 Spellcasting
 - Level 5.0 Conjurations
 - Level 5.0 Transmutations
 - Level 5.0 Fire Magic
 - Level 13.2 Ice Magic
 - Level 5.0 Earth Magic
 - Level 13.2 Poison Magic


You had 6 spell levels left.
You knew the following spells:

 Your Spells              Type           Power      Damage    Failure   Level
b - Frozen Ramparts       Ice            100%       1d16      1%          3
c - Ozocubu's Armour      Ice            73%        N/A       1%          3
d - Stone Arrow           Conj/Erth      80%        3d12      1%          3
e - Olgreb's Toxic Radia  Pois           73%        N/A       1%          4
f - Ignite Poison         Fire/Tmut/Pois 54%        N/A       1%          3
g - Freezing Cloud        Conj/Ice/Air   23%        6-21      3%          5

Your spell library contained the following spells:

 Spells                   Type           Power      Damage    Failure   Level
 Iskenderun's Battlesphe  Conj           40%        2d9       4%          5
 Freeze                   Ice            100%       1d10      0%          1
 Foxfire                  Conj/Fire      100%       2x1d9     1%          1
 Sandblast                Erth           80%        2d17      1%          1
 Cigotuvi's Dreadful Rot  Necr/Pois/Air  72%        N/A       1%          2
 Ensorcelled Hibernation  Hex/Ice        98%        N/A       1%          2
 Passwall                 Tmut/Erth      33%        N/A       1%          2
 Summon Ice Beast         Ice/Summ       49%        N/A       3%          4
 Fireball                 Conj/Fire      20%        3d10      4%          5
 Yara's Violent Unravell  Hex/Tmut       12%        3d7       13%         5
 Swiftness                Air            10%        N/A       14%         3
 Tukima's Dance           Hex            10%        N/A       14%         3
 Starburst                Conj/Fire      20%        6d7       24%         6
 Passage of Golubria      Tloc           10%        N/A       43%         4
 Plasma Beam              Fire/Air       12%        2x1d26    54%         6
 Summon Forest            Summ/Tloc      5%         N/A       80%         5
 Summon Mana Viper        Hex/Summ       10%        N/A       80%         5
 Summon Cactus Giant      Summ           5%         N/A       100%        6
 Borgnjor's Revivificati  Necr           5%         N/A       100%        8
 Necromutation            Tmut/Necr      12%        N/A       100%        8
 Death's Door             Necr           5%         N/A       100%        9


Dungeon Overview and Level Annotations

Branches:
Dungeon (15/15)            Temple (1/1) D:7            Lair (5/5) D:10
  Swamp (0/4) Lair:3       Spider (1/4) Lair:2        Slime (0/5) Lair:4
    Orc (2/2) D:12            Elf (0/3) Orc:2        Vaults (0/5) D:13
 Depths (0/4) D:15

Altars:
Ashenzari
Cheibriados
Dithmenos
Elyvilon
Fedhas
Gozag
Hepliaklqana
Kikubaaqudgha
Makhleb
Nemelex Xobeh
Okawaru
Qazlal
Ru
Sif Muna
Trog
Uskayaw
Vehumet
Wu Jian
Xom
Yredelemnul
Zin
The Shining One
Jiyva

Shops:
D:2 ?   Orc:1 =   Orc:2 *!*[[

Annotations:
D:5 2 transporters, night's ghost, amateur DrCj
D:11 1 runed translucent door, Raspi's ghost, journeyman MiBe
Lair:3 exclusion: oklob plant


Innate Abilities, Weirdness & Mutations

Your dull iron-grey scales are very hard. (AC +14)
You are amphibious.
You cannot fit into any form of body armour.
You are cold-blooded and may be slowed by cold attacks.


Message History

Something stings you but does no damage.
You hit something but do no damage. You hit something but do no damage.
Your tail-slap misses something.
You feel you are being watched by something.
You feel your power leaking away. Something hits you but does no damage.
Something hits you.
Something stings you but does no damage.
You hit something but do no damage.
You feel you are being watched by something.
You feel your power leaking away. Something hits you!
Something hits you but does no damage.
Something stings you but does no damage.
You closely miss something.
Your tail-slap misses something.
Something hits you!
* * * LOW HITPOINT WARNING * * *
You feel dopey. Something hits you but does no damage. Something stings you.
* * * LOW HITPOINT WARNING * * *
You puncture something!
Your tail-slap misses something.
You hit something.
You feel you are being watched by something.
You feel your power leaking away. Something hits you!
* * * LOW HITPOINT WARNING * * *
You feel clumsy. Something barely misses you.
Something stings you but does no damage.
You hit something.
Your tail-slap misses something.
Something hits you!
* * * LOW HITPOINT WARNING * * *
You feel weakened. Something barely misses you.
Something stings you but does no damage.
You fade into invisibility!
Something hits you.
* * * LOW HITPOINT WARNING * * *
Something hits you.
* * * LOW HITPOINT WARNING * * *
Something stings you but does no damage.
You hit something. Something hits you!
You die...

........)..#.#..#.....
####...#......#.....#.
###...........#....
#...#.............#
##....#...†.....#.#
##....#......†.....
#.^................
##..#..............
#{@....!..#.....#.#
#......#...........###
#^............#....###
#...###.#.........##
^#.. ###......### ...
#.##.# .# ## #


There were no monsters in sight!

Vanquished Creatures
  Kirke (D:13)
  A spark wasp (Spider:1)
  A fire dragon (D:15)
  3 hydras
  2 ice dragons
  A catoblepas (Lair:5)
  An ogre mage (D:15)
  2 boulder beetles
  A radroach (Spider:1)
  10 centaur warriors
  3 tengu warriors (D:14)
  A deep troll shaman (Lair:5)
  11 two-headed ogres
  12 death yaks
  2 skysharks (Lair:3)
  A pharaoh ant (Lair:2)
  A wizard (D:11)
  Pikel (D:8)
  2 orc knights (Orc:2)
  2 deep elf pyromancers
  An ugly thing (D:13)
  An orc sorcerer (Orc:1)
  6 manticores
  3 cyclopes
  A moth of wrath (Spider:1)
  2 wolf spiders (Spider:1)
  A guardian serpent (shapeshifter) (D:13)
  14 elephants (Lair:5)
  2 demonic crawlers (Spider:1)
  2 black mambas
  3 gargoyles
  An unseen horror (D:11)
  16 cane toads
  2 torpor snails
  A cane toad (shapeshifter) (D:14)
  A rime drake (Lair:1)
  12 komodo dragons
  2 efreet
  7 trolls
  A queen bee (D:11)
  4 tarantellas (Spider:1)
  5 polar bears
  2 hornets
  6 dream sheep (Lair:4)
  A blink frog (shapeshifter) (D:13)
  24 blink frogs
  5 jumping spiders
  6 slime creatures
  3 centaur simulacra (D:12)
  2 culicivoras (Spider:1)
  A water elemental (D:11)
  3 shadows
  6 wyverns
  4 wraiths
  A spriggan (D:14)
  A hog (shapeshifter) (D:12)
  47 yaks
  6 basilisks
  Eustachio (D:4)
  A hog (D:13)
  7 redbacks
  8 vampire mosquitoes
  4 steam dragons
  10 wargs
  3 acid dragons
  15 water moccasins
  33 orc warriors
  A meliai simulacrum (D:12)
  3 ice beasts
  2 black bears (Lair:2)
  7 ogres
  An orc zombie (D:11)
  5 sky beasts (D:8)
  25 wolves
  29 centaurs
  3 lemures (D:8)
  A phantom (D:4)
  Blork the orc (D:4)
  5 bullfrogs
  2 scorpions (D:6)
  4 wights (D:9)
  16 killer bees
  3 howler monkeys
  An electric eel (D:11)
  A jelly (D:4)
  23 orc priests
  8 hounds
  A gnoll bouda (D:5)
  2 iguanas
  A sleepcap (D:6)
  Jessica (D:2)
  30 orc wizards
  16 gnolls
  11 adders
  2 shadow imps (D:6)
  3 white imps
  2 ufetubi (D:12)
  2 worms
  4 dart slugs
  90 orcs
  6 ball pythons
  5 bats
  3 endoplasms
  3 giant cockroaches
  8 goblins
  5 hobgoblins
  3 jackals (D:2)
  9 quokkas
  7 kobolds
  5 rats
707 creatures vanquished.

Vanquished Creatures (collateral kills)
  A centaur simulacrum (D:12)
  A white imp (D:7)
2 creatures vanquished.

Vanquished Creatures (others)
  A shadow wraith (D:13)
  A slime creature (D:13)
  4 humans (D:13)
  42 fungi
  85 plants
133 creatures vanquished.

Grand Total: 842 creatures vanquished

Notes
Turn   | Place    | Note
-------+----------+-------------------------------------------
     0 | D:1      | Arzdou the Draconian Ice Elementalist began the quest for
                  | the Orb.
     0 | D:1      | Reached XP level 1. HP: 14/14 MP: 3/3
    83 | D:1      | Found a faded altar of an unknown god.
   225 | D:1      | Reached XP level 2. HP: 20/20 MP: 0/5
  1139 | D:2      | Reached XP level 3. HP: 23/26 MP: 2/6
  1143 | D:2      | Learned a level 3 spell: Frozen Ramparts
  1395 | D:2      | Reached skill level 5 in Ice Magic
  1407 | D:2      | Found a shimmering blue altar of Sif Muna.
  1612 | D:2      | Found Femoank's Magic Scroll Emporium.
  1711 | D:2      | Reached XP level 4. HP: 33/33 MP: 3/7
  2033 | D:2      | Learned a level 3 spell: Ozocubu's Armour
  2138 | D:2      | Noticed Jessica
  2146 | D:2      | Killed Jessica
  2420 | D:3      | Found a bloodstained altar of Trog.
  2429 | D:3      | Reached XP level 5. HP: 38/38 MP: 5/8
  2836 | D:3      | Found a hide-covered altar of Uskayaw.
  2896 | D:3      | Identified the +8 dagger "Pyfeloch" {drain, Will+}
  3040 | D:4      | Reached skill level 1 in Polearms
  3139 | D:4      | Noticed Eustachio
  3148 | D:4      | Killed Eustachio
  3149 | D:4      | Reached skill level 2 in Polearms
  3149 | D:4      | Reached XP level 6. HP: 41/45 MP: 3/11
  3224 | D:4      | Noticed Blork the orc
  3231 | D:4      | Killed Blork the orc
  3232 | D:4      | Reached skill level 3 in Polearms
  3815 | D:4      | Your scales start taking on a dull iron-grey colour.
  3815 | D:4      | Reached XP level 7. HP: 50/50 MP: 5/13
  3979 | D:4      | Reached skill level 4 in Polearms
  4172 | D:5      | Entered Level 5 of the Dungeon
  4333 | D:5      | Reached skill level 5 in Spellcasting
  4334 | D:5      | Reached skill level 5 in Polearms
  4487 | D:5      | Identified the +0 leather armour of Grace {Slay+2}
  4545 | D:5      | Found a transporter.
  4587 | D:5      | Found a transporter.
  4588 | D:5      | Noticed a small abomination
  4599 | D:5      | Noticed night's ghost (amateur DrCj)
  4613 | D:5      | Reached XP level 8. HP: 57/57 MP: 8/15
  4619 | D:5      | Reached skill level 6 in Polearms
  4764 | D:5      | Found an opulent altar of Gozag.
  5314 | D:6      | Reached skill level 7 in Polearms
  5486 | D:6      | Found a burning altar of Makhleb.
  5792 | D:6      | Reached skill level 8 in Polearms
  6157 | D:6      | Found a shimmering blue altar of Sif Muna.
  6195 | D:7      | Noticed a hornet
  6619 | D:7      | Reached XP level 9. HP: 51/62 MP: 13/16
  7292 | D:7      | Found a staircase to the Ecumenical Temple.
  7308 | Temple   | Entered the Ecumenical Temple
  7385 | Temple   | Became a worshipper of Vehumet
  7847 | D:8      | Reached skill level 1 in Fighting
  7859 | D:8      | Reached skill level 10 in Ice Magic
  7891 | D:8      | Reached * piety under Vehumet
  7891 | D:8      | Offered knowledge of Foxfire by Vehumet.
  8059 | D:8      | Noticed Pikel
  8075 | D:8      | Killed Pikel
  8243 | D:8      | Reached XP level 10. HP: 73/84 MP: 13/17
  8329 | D:8      | Paralysed by a hornet for 2 turns
  8544 | D:8      | Noticed a cyclops
  8905 | D:8      | Found a blossoming altar of Fedhas.
  9569 | D:9      | Noticed a two-headed ogre
  9590 | D:9      | Killed a two-headed ogre
  9821 | D:9      | Offered knowledge of Magic Dart by Vehumet.
  9938 | D:9      | Reached ** piety under Vehumet
 10092 | D:9      | Noticed a two-headed ogre
 10105 | D:9      | Killed a two-headed ogre
 10106 | D:9      | Reached skill level 10 in Fighting
 10111 | D:9      | Learned a level 3 spell: Stone Arrow
 10251 | D:9      | Noticed a two-headed ogre
 10265 | D:9      | Killed a two-headed ogre
 10266 | D:9      | Reached XP level 11. HP: 96/99 MP: 18/18
 10387 | D:9      | Reached skill level 1 in Earth Magic
 10392 | D:9      | Reached skill level 5 in Dodging
 10737 | D:10     | Entered Level 10 of the Dungeon
 10853 | D:10     | Found a staircase to the Lair.
 10992 | D:10     | Offered knowledge of Hailstorm by Vehumet.
 11469 | Lair:1   | Entered Level 1 of the Lair of Beasts
 11481 | Lair:1   | Reached *** piety under Vehumet
 11485 | Lair:1   | Reached skill level 5 in Conjurations
 11509 | D:10     | Reached skill level 5 in Earth Magic
 11859 | Lair:1   | Offered knowledge of Olgreb's Toxic Radiance by Vehumet.
 11865 | Lair:1   | Learned a level 4 spell: Olgreb's Toxic Radiance
 11869 | Lair:1   | Learned a level 3 spell: Ignite Poison
 11922 | Lair:1   | Reached skill level 1 in Poison Magic
 11969 | Lair:1   | Reached skill level 9 in Polearms
 12514 | Lair:1   | Reached XP level 12. HP: 71/106 MP: 19/19
 13565 | Lair:2   | Reached skill level 10 in Polearms
 13848 | Lair:2   | Reached skill level 5 in Poison Magic
 13985 | Lair:2   | Reached **** piety under Vehumet
 14168 | Lair:2   | Found a hole to the Spider Nest.
 14694 | Lair:3   | Reached skill level 11 in Polearms
 14715 | Lair:3   | Offered knowledge of Flame Wave by Vehumet.
 15028 | Lair:3   | Found a staircase to the Swamp.
 15684 | Lair:3   | Noticed a death yak
 15688 | Lair:3   | Noticed a death yak
 15690 | Lair:3   | Noticed a death yak
 15696 | Lair:3   | Killed a death yak
 15697 | Lair:3   | Reached skill level 12 in Polearms
 15697 | Lair:3   | Reached XP level 13. HP: 90/113 MP: 20/20
 16124 | Lair:3   | Learned a level 5 spell: Freezing Cloud
 16195 | Lair:4   | Found a staircase to the Slime Pits.
 16196 | Lair:4   | Found a viscous altar of Jiyva.
 16530 | Lair:4   | Reached skill level 10 in Poison Magic
 16580 | Lair:4   | Reached skill level 1 in Fire Magic
 16584 | Lair:4   | Reached skill level 1 in Transmutations
 16755 | Lair:4   | Reached ***** piety under Vehumet
 16755 | Lair:4   | Offered knowledge of Iskenderun's Mystic Blast by Vehumet.
 17073 | Lair:5   | Entered Level 5 of the Lair of Beasts
 17343 | Lair:5   | Reached skill level 5 in Fire Magic
 17820 | Lair:5   | Reached skill level 5 in Transmutations
 18670 | Lair:5   | Reached XP level 14. HP: 87/121 MP: 17/21
 19310 | Lair:5   | Identified the +4 trident "Newtbane" {venom, Drain Int+2
                  | Dex+7}
 19346 | Lair:5   | Identified a scroll of acquirement
 19346 | Lair:5   | Acquired 1223 gold pieces
 19779 | D:11     | Found a transporter.
 20023 | D:11     | Found a transporter.
 20476 | D:11     | Found a runed translucent door.
 20477 | D:11     | Noticed Raspi's ghost (journeyman MiBe)
 21165 | D:12     | Offered knowledge of Spellforged Servitor by Vehumet.
 21207 | D:12     | Identified the amulet of Tuskuuf {Spirit Rampage rPois
                  | Int-2 Dex+3}
 21872 | D:12     | Identified the amulet "Wiwian" {Spirit Int+3}
 21880 | D:12     | Identified the amulet of Ithuopp {RegenMP -Tele rElec
                  | Will+}
 22000 | D:12     | Identified the ring of Yblutseu {rCorr SInv}
 22143 | D:12     | Reached skill level 13 in Polearms
 22315 | D:12     | Found a staircase to the Orcish Mines.
 23110 | Orc:1    | Entered Level 1 of the Orcish Mines
 23136 | Orc:1    | Found Miwn's Jewellery Boutique.
 23312 | Orc:2    | Entered Level 2 of the Orcish Mines
 23424 | Orc:2    | Offered knowledge of Arcjolt by Vehumet.
 23515 | Orc:2    | Found Soym's Assorted Antiques.
 23567 | Orc:2    | Found a staircase to the Elven Halls.
 23655 | Orc:2    | Found Fyfed's Antique Armour Shop.
 23655 | Orc:2    | Found Koabudir's Assorted Antiques.
 23655 | Orc:2    | Found Dehoet's Distillery.
 23658 | Orc:2    | Found Ekenu's Armour Boutique.
 23663 | Orc:2    | Bought a runed hat for 273 gold pieces
 23670 | Orc:2    | Bought a potion of curing for 48 gold pieces
 23670 | Orc:2    | Bought 2 potions of curing for 96 gold pieces
 23675 | Orc:2    | Bought a +0 cloak for 67 gold pieces
 24502 | Orc:1    | Bought the ring of Midsummer {rC+ Int+6} for 650 gold
                  | pieces
 24621 | D:13     | Reached XP level 15. HP: 100/126 MP: 22/22
 24635 | D:13     | Noticed Kirke
 24645 | D:13     | Killed Kirke
 24774 | D:13     | Reached skill level 14 in Polearms
 25547 | D:13     | Found a gate to the Vaults.
 26859 | D:15     | Entered Level 15 of the Dungeon
 27090 | D:15     | Found a radiant altar of Vehumet.
 27101 | D:15     | Offered knowledge of Iskenderun's Battlesphere by Vehumet.
 27491 | D:15     | Reached skill level 15 in Polearms
 27859 | D:15     | Found a staircase to the Depths.
 28130 | Spider:1 | Entered Level 1 of the Spider Nest
 28601 | Spider:1 | Slain by a ghost moth

Illustrated notes

Levels and vault maps discovered:
D:1:      matt_arrival_spirals, layout_basic,
          shapermc_ecumenical_altar_starsandcircs, roderic_serpentine_path
D:2:      wad_woods_stonehenge, layout_basic, serial_shops, shop,
          minmay_crystal_water, uniq_jessica
D:3:      layout_rooms, trog_book, nicolae_uskayaw_dance_hall
D:4:      layout_loops_cross, item_on_display_a, uniq_eustachio,
          uniq_blork_the_orc
D:5:      layout_basic, nicolae_gozag_cash_rules_everything_around_me,
          gammafunk_ghost_abyssal_escape, ldierk_geyser, grunt_decor_fettered,
          minmay_misc_feat_pillars
D:6:      layout_rooms, general_overflow_altar, bloody_makhleb
D:7:      layout_gridville, minmay_temple_entry_enclosed_plants,
          kennysheep_generic_room_11
D:8:      layout_basic, kennysheep_mini_moat, minmay_misc_feat_tiny,
          hangedman_misty_isle, uniq_pikel
D:9:      layout_stronghold, hive_lemuel
D:10:     layout_rooms, erik_lair_orcish_takeover
D:11:     gammafunk_cloud_chamber, layout_loops_ring, ebering_ghost_inner_flame,
          serial_bayou_ford_a, nicolae_looking_at_the_future
D:12:     minmay_the_grid_triangle_9x9_recursive_2
          [minmay_the_grid_triangle_9x9_prize_special,
          minmay_the_grid_triangle_9x9_zippers_vertical,
          minmay_the_grid_triangle_9x9_shrine,
          minmay_the_grid_triangle_9x9_negative_grid], layout_irregular_city,
          serial_ice, serial_ice_g, serial_ice_m, serial_ice_h, serial_ice_a,
          serial_ice_l, serial_ice_c, serial_ice_b
D:13:     layout_loops_cross, david_vaults_4, hangedman_abyss_or_decor_stagger,
          chequers_garden, uniq_kirke
D:14:     layout_loops_cross, reono_crystal_passage, the_hattery
D:15:     grunt_enter_depths_hoard, layout_irregular_city, minivault_27,
          fiery_altar_vehumet
Temple:   kb_temple_of_zot
Lair:1:   layout_regular_city
Lair:2:   layout_hall_layers, nicolae_spider_entry_lesser_pyramids,
          grunt_megastairs_1
Lair:3:   minmay_lair_oklob_chamber, layout_regular_city,
          minmay_swamp_entry_swarm
Lair:4:   layout_roguey, slime_entry_1, lemuel_old_faithful,
          serial_bayou_shore_b, infiniplex_staircase_pool_2
Lair:5:   grunt_lair_end_beastmaster, layout_regular_city, enter_volcano_1,
          dreamdust_mushroom_princess, serial_bayou_shore_b
Spider:1: layout_spider_delve, nicolae_spider_claw_tunnel
Orc:1:    cheibrodos_orc_guarddog, layout_caves, serial_shops, shop
Orc:2:    st_orc_rangers, layout_diamond_mine, serial_shops,
          nicolae_square_shop, minmay_orc_temple_b

Skill      XL: |  1  2  3  4  5  6  7  8  9 10 11 12 13 14 15 |
---------------+----------------------------------------------+-----
Ice Magic      | 5 6 8 10 12 13 | 13.2
Polearms       | 2 3 5 8 9 12 13 15 | 15.0
Spellcasting   | 3 4 5 6 |  6.6
Fighting       | 6 10 | 10.0
Dodging        | 4 7 |  7.0
Conjurations   | 3 5 |  5.0
Earth Magic    | 5 |  5.0
Poison Magic   | 3 8 10 12 13 | 13.2
Fire Magic     | 5 |  5.0
Transmutations | 5 |  5.0
Stealth        | |  1.9

Action                     |  1- 3 |  4- 6 |  7- 9 | 10-12 | 13-15 || total
---------------------------+-------+-------+-------+-------+-------++-------
  Melee: Dagger            |     2 |     9 |       |       |       ||    11
         Tailslap          |       |     9 |    57 |    56 |   150 ||   272
         Trident           |       |    68 |    93 |       |   419 ||   580
         Spear             |       |       |   306 |   471 |   225 ||  1002
         Punch             |       |       |     4 |     9 |    12 ||    25
   Cast: Freeze            |    49 |    50 |     1 |       |       ||   100
         Frozen Ramparts   |     1 |     8 |    29 |    37 |    23 ||    98
         Ozocubu's Armour  |       |     7 |    27 |    40 |    28 ||   102
         Stone Arrow       |       |       |       |    30 |    54 ||    84
         Olgreb's Toxic Ra |       |       |       |    34 |   167 ||   201
         Ignite Poison     |       |       |       |    28 |   175 ||   203
  Evoke: Wand              |       |       |     3 |       |     1 ||     4
    Use: Scroll            |       |     5 |     3 |     2 |    17 ||    27
         Potion            |       |       |       |     1 |     4 ||     5
   Stab: Sleeping          |       |     4 |       |     1 |     9 ||    14
 Armour: Skin              |    10 |    39 |   168 |   188 |   425 ||   830
  Dodge: Dodged            |    23 |    62 |   183 |   277 |   552 ||  1097
